 Dungeon Crawl Stone Soup version 0.26-a0-1053-gaff5f71418 (webtiles) character file.

Game seed: 3555450566533685148

69052 Flubbersnuff the Bludgeoner (level 14, -2/133 HPs)
             Began as a Minotaur Berserker on Dec 12, 2020.
             Was the Champion of Trog.
             Succumbed to Aizul's bolt of poison
             ... on level 1 of the Swamp.
             The game lasted 01:01:53 (22777 turns).

Flubbersnuff the Bludgeoner (Minotaur Berserker)   Turns: 22777, Time: 01:01:54

Health: -2/133     AC: 30    Str: 40    XL:     14   Next: 88%
Magic:  13/13      EV: 13    Int:  4    God:    Trog [******]
Gold:   3259       SH:  0    Dex: 10    Spells: 13/13 levels left

rFire    . . .     SeeInvis +   b - +12 great mace of Uroebeik {freeze, Str+7 SInv}
rCold    . . .     Faith    .   (shield currently unavailable)
rNeg     + . .     Spirit   .   y - +0 crystal plate armour
rPois    .         Reflect  .   (helmet restricted)
rElec    .         Harm     .   s - scarf {+Inv}
rCorr    .         Rampage  .   i - +2 pair of gloves
Will     ++++.                  v - +2 pair of boots of Action {*Corrode rN+ Slay+5 Stlth+}
Stlth    ..........             M - amulet of regeneration
HPRegen  1.72/turn              P - +6 ring of strength
MPRegen  0.13/turn              O - ring of willpower

@: mighty, lethally poisoned (-2 -> -18), berserk cooldown, regenerating,
slowed, very slow
A: retaliatory headbutt, horns 2
a: Berserk, Trog's Hand, Brothers in Arms, Renounce Religion, Evoke Invisibility


You were on level 1 of the Swamp.
You worshipped Trog.
Trog was exalted by your worship.
You visited 6 branches of the dungeon, and saw 20 of its levels.
You also visited: Ice Cave.

You collected 3331 gold pieces.
You spent 72 gold pieces at shops.

Inventory:

Hand Weapons
 a - a +5 antimagic executioner's axe
 b - the +12 great mace of Uroebeik (weapon) {freeze, Str+7 SInv}
   (You took it off an ogre on level 4 of the Dungeon)

   It has been specially enchanted to freeze those struck by it, causing extra
   injury to most foes and up to half again as much damage against particularly
   susceptible opponents.
   It can also slow down cold-blooded creatures.
   It affects your strength (+7).
   It lets you see invisible.
Armour
 i - a +2 pair of gloves (worn)
 s - a scarf of invisibility (worn)
 v - the +2 pair of boots of Action (worn) {*Corrode rN+ Slay+5 Stlth+}
   (You found it on level 4 of the Dungeon)

   It affects your accuracy and damage with ranged weapons and melee attacks
   (+5).
   It protects you from negative energy.
   It may corrode you when you take damage.
   It makes you more stealthy.
 y - a +0 crystal plate armour (worn)
 U - the +3 warlock's mirror {reflect}
   (You found it on level 9 of the Dungeon)
Jewellery
 D - an uncursed ring of protection from cold
 M - an amulet of regeneration (around neck)
 O - a ring of willpower (right hand)
 P - a +6 ring of strength (left hand)
 Q - an uncursed ring of protection from fire
Wands
 d - a wand of enslavement (18)
 g - a wand of paralysis (49)
 p - a wand of acid (12)
 u - a wand of iceblast (12)
 x - a wand of flame (72)
 E - a wand of digging (7)
 J - a wand of disintegration (12)
Scrolls
 e - 7 scrolls of fog
 f - 4 scrolls of identify
 j - 5 scrolls of teleportation
 k - 2 scrolls of enchant armour
 l - 2 scrolls of enchant weapon
 o - 2 scrolls of magic mapping
 t - 6 scrolls of remove curse
 C - 3 scrolls of blinking
 K - a scroll of fear
Potions
 c - a potion of attraction {unknown}
 h - 2 potions of heal wounds {unknown}
 n - 2 potions of might
 r - 4 potions of haste
 w - 4 potions of lignification
 z - 3 potions of ambrosia {unknown}
 A - 4 potions of flight
 B - 6 potions of curing
 G - a potion of invisibility {unknown}
 I - a potion of mutation {unknown}


   Skills:
 + Level 14.3 Fighting
 - Level 9.5(14.4) Axes
 * Level 17.2(18.0) Maces & Flails
 + Level 14.1 Armour
 + Level 13.0 Dodging


You had 13 spell levels left.
You didn't know any spells.
Your spell library contained the following spells:

 Spells                   Type           Power        Failure   Level
 Corpse Rot               Necr/Air       N/A          100%        2
 Stone Arrow              Conj/Erth      #.....       100%        3
 Summon Forest            Summ/Tloc      #.........   100%        5
 Eringya's Noxious Bog    Tmut/Pois      #.........   100%        6
 Hydra Form               Tmut           #.........   100%        6
 Summon Hydra             Summ           #.........   100%        7


Dungeon Overview and Level Annotations

Branches:
Dungeon (9/15)             Temple (1/1) D:6            Lair (6/6) D:8
  Swamp (1/4) Lair:3       Spider (1/4) Lair:2        Slime (0/5) Lair:6
    Orc (2/2) D:9             Elf (0/3) Orc:2         IceCv (visited)

Altars:
Ashenzari
Cheibriados
Dithmenos
Elyvilon
Fedhas
Gozag
Hepliaklqana
Kikubaaqudgha
Makhleb
Nemelex Xobeh
Okawaru
Qazlal
Ru
Sif Muna
Trog
Uskayaw
Vehumet
Wu Jian
Xom
Yredelemnul
Zin
The Shining One

Shops:
D:6 *   Orc:2 ?=}*=

Annotations:
Swamp:1 Aizul


Innate Abilities, Weirdness & Mutations

You reflexively headbutt those who attack you in melee.
You have a pair of horns on your head.


Message History

* * * LOW HITPOINT WARNING * * *
You feel very mighty all of a sudden.
You feel very sick. Aizul hits you.
* * * LOW HITPOINT WARNING * * *
Aizul coils herself and waves her upper body at you.
The poison arrow hits you.
You are lethally poisoned!
* * * LOW HITPOINT WARNING * * *
Your unstable footing causes you to fumble your attack.
* * * LOW HITPOINT WARNING * * *
You feel very sick. Aizul casts a spell at you. The bolt of poison hits you.
You are more poisoned.
* * * LOW HITPOINT WARNING * * *
Aizul hits you but does no damage.
Your skin crawls.
You feel strong-willed.
You die...

♣.≈°≈≈≈≈≈≈≈.♣
.♣.≈≈≈≈≈≈≈≈≈.♣
...≈≈≈≈.§≈≈≈.♣
♣≈≈≈≈≈<.≈≈≈≈♣ ♣
♣≈≈≈≈≈≈≈≈≈≈.♣♣
♣≈♣≈≈≈≈≈≈≈≈≈≈).♣♣
.≈≈..≈≈≈≈≈≈≈≈.≈..
)≈≈≈≈≈≈≈≈≈≈≈....≈
...♣..≈.S@≈.♣♣♣.≈
≈♣...≈..♣♣♣♣ .
≈§♣.≈≈.†.♣
≈♣♣♣≈≈≈†≈≈♣
♣..≈≈≈.≈♣
♣≈≈≈≈.≈≈≈♣
♣.≈..:.≈.♣
..≈♣.♣.♣.♣
♣.≈....≈≈.♣


You could see Aizul.

Vanquished Creatures
  A bunyip (Lair:3)
  2 entropy weavers (Lair:4)
  Snorg (Orc:2)
  2 ice dragons (IceCv)
  4 catoblepae
  6 hydras
  A boulder beetle (Lair:5)
  A centaur warrior (Orc:2)
  A death knight (D:9)
  5 death yaks (Lair:6)
  A two-headed ogre (D:9)
  A queen ant (Lair:4)
  A fire crab (Lair:5)
  3 goliath frogs (Swamp:1)
  2 swamp dragons (Swamp:1)
  An unseen horror (D:9)
  A wizard (D:9)
  A bog body (Lair:3)
  4 orc knights
  5 large abominations (D:9)
  A lindwurm (Lair:5)
  A deep elf mage (D:9)
  4 orc sorcerers
  A will-o-the-wisp (Lair:3)
  3 manticores
  3 black mambas
  2 ice statues (IceCv)
  20 cane toads
  The ghost of emiel the Shield-Bearer, a novice FoFi (D:4)
  3 rime drakes
  7 komodo dragons
  2 ice devils (Lair:4)
  2 jumping spiders (Lair:2)
  9 polar bears
  4 trolls
  13 blink frogs
  2 wyverns
  3 redbacks (Lair:2)
  48 yaks
  A basilisk (Lair:4)
  A vampire mosquito (D:9)
  A swamp worm (Lair:3)
  2 wargs (Orc:2)
  8 water moccasins
  23 soldier ants (Lair:4)
  30 orc warriors
  2 phantoms
  15 ice beasts
  3 sky beasts
  5 black bears
  13 ogres
  7 small abominations (D:9)
  13 wolves
  12 centaurs
  2 big kobolds
  18 bullfrogs
  4 scorpions
  2 killer bees (D:9)
  5 electric eels
  2 howler monkeys
  A bullfrog zombie (D:7)
  A jelly (D:9)
  8 orc priests
  8 hounds
  10 orc wizards
  A bullfrog skeleton (D:9)
  12 iguanas
  32 worker ants
  5 hell rats (Lair:4)
  A hound skeleton (D:7)
  A worker ant zombie (D:9)
  A howler monkey skeleton (D:5)
  A gnoll (D:4)
  12 adders
  A shadow imp (D:7)
  3 white imps
  2 ufetubi
  3 oozes
  2 adder skeletons
  An adder zombie (D:5)
  3 worms
  A dart slug (D:1)
  8 leopard geckos
  48 orcs
  4 giant cockroaches
  6 goblins
  11 hobgoblins
  12 jackals
  4 quokkas
  2 ball pythons
  7 bats
  7 frilled lizards
  A jackal zombie (D:5)
  10 kobolds
  A leopard gecko skeleton (D:4)
  10 rats
  A spectral orc (D:2)
584 creatures vanquished.

Vanquished Creatures (others)
  A bloated husk (Swamp:1)
  30 fungi
  34 plants
65 creatures vanquished.

Grand Total: 649 creatures vanquished

Notes
Turn   | Place    | Note
-------+----------+-------------------------------------------
     0 | D:1      | Flubbersnuff the Minotaur Berserker began the quest for the
                  | Orb.
     0 | D:1      | Reached XP level 1. HP: 19/19 MP: 0/0
   412 | D:1      | Reached XP level 2. HP: 23/27 MP: 1/1
   681 | D:1      | Reached XP level 3. HP: 13/33 MP: 2/2
   723 | D:1      | Reached ** piety under Trog
  1761 | D:2      | Found a faded altar of an unknown god.
  2096 | D:2      | Reached XP level 4. HP: 40/40 MP: 3/3
  2101 | D:2      | Found a basalt altar of Yredelemnul.
  2617 | D:2      | Reached skill level 5 in Axes
  2850 | D:3      | Reached *** piety under Trog
  2934 | D:3      | Reached XP level 5. HP: 47/47 MP: 4/4
  3150 | D:3      | You fall into a shaft and drop 3 floors!
  3170 | D:5      | Entered Level 5 of the Dungeon
  3351 | D:4      | Noticed a black bear
  3649 | D:4      | Killed a black bear
  3650 | D:4      | Reached XP level 6. HP: 55/55 MP: 5/5
  3672 | D:4      | Found a transporter.
  3673 | D:4      | Identified the +12 great mace of Uroebeik {freeze, Str+7
                  | SInv}
  3674 | D:4      | Noticed emiel's ghost (novice FoFi)
  3687 | D:4      | Found a transporter.
  3739 | D:4      | Noticed an orc warrior
  3758 | D:4      | Reached skill level 5 in Fighting
  3758 | D:4      | Killed an orc warrior
  4229 | D:4      | Got a pair of warped boots
  4234 | D:4      | Identified the +2 pair of boots of Action {*Corrode rN+
                  | Slay+5 Stlth+} (You found it on level 4 of the Dungeon)
  4321 | D:4      | Reached XP level 7. HP: 58/61 MP: 6/6
  4780 | D:5      | Reached **** piety under Trog
  4860 | D:5      | Reached skill level 5 in Armour
  5503 | D:6      | Reached XP level 8. HP: 70/70 MP: 7/7
  5539 | D:6      | Reached skill level 5 in Dodging
  5866 | D:6      | Found a sparkling altar of Nemelex Xobeh.
  6123 | D:6      | Found a transporter.
  6183 | D:6      | Found a transporter.
  6418 | D:6      | Found Cyhiump's Assorted Antiques.
  6455 | D:6      | Found a staircase to the Ecumenical Temple.
  6798 | D:4      | Killed emiel's ghost
  7154 | Temple   | Entered the Ecumenical Temple
  7279 | D:7      | Reached skill level 1 in Maces & Flails
  7279 | D:7      | Reached XP level 9. HP: 79/79 MP: 8/8
  7522 | D:7      | Reached skill level 2 in Maces & Flails
  8164 | D:8      | Noticed a troll
  8166 | D:8      | Reached skill level 3 in Maces & Flails
  8168 | D:8      | Killed a troll
  8177 | D:8      | Reached skill level 4 in Maces & Flails
  8195 | D:8      | Reached skill level 5 in Maces & Flails
  8728 | D:8      | Found a staircase to the Lair.
  9045 | D:8      | Reached skill level 6 in Maces & Flails
  9399 | Lair:1   | Entered Level 1 of the Lair of Beasts
  9441 | Lair:1   | Noticed a cane toad
  9445 | Lair:1   | Killed a cane toad
  9446 | Lair:1   | Reached XP level 10. HP: 90/90 MP: 9/9
  9639 | Lair:1   | Reached skill level 7 in Maces & Flails
  9642 | Lair:1   | Noticed a cane toad
  9643 | Lair:1   | Noticed a cane toad
  9650 | Lair:1   | Killed a cane toad
  9652 | Lair:1   | Killed a cane toad
  9653 | Lair:1   | Reached skill level 8 in Maces & Flails
  9655 | Lair:1   | Reached ***** piety under Trog
 10270 | Lair:2   | Noticed a black mamba
 10275 | Lair:2   | Killed a black mamba
 10348 | Lair:2   | Noticed a cane toad
 10354 | Lair:2   | Killed a cane toad
 10355 | Lair:2   | Reached skill level 9 in Maces & Flails
 10465 | Lair:2   | Reached XP level 11. HP: 74/99 MP: 10/10
 10638 | Lair:2   | Found a hole to the Spider Nest.
 10726 | Lair:2   | Reached skill level 10 in Fighting
 10821 | Spider:1 | Entered Level 1 of the Spider Nest
 10821 | Spider:1 | Noticed a wolf spider
 10958 | Lair:2   | Reached skill level 10 in Maces & Flails
 11493 | Lair:3   | Reached skill level 10 in Armour
 11587 | Lair:3   | Received a gift from Trog
 11592 | Lair:3   | Reached skill level 11 in Maces & Flails
 12141 | Lair:3   | Found a staircase to the Swamp.
 12142 | Lair:3   | Noticed a bog body
 12172 | Lair:3   | Killed a bog body
 12173 | Lair:3   | Reached XP level 12. HP: 110/110 MP: 3/11
 12372 | Lair:3   | Noticed a catoblepas
 12388 | Lair:3   | Killed a catoblepas
 12389 | Lair:3   | Reached skill level 12 in Maces & Flails
 12389 | Lair:3   | Reached skill level 10 in Dodging
 12762 | Lair:4   | Found a frozen archway.
 12777 | IceCv    | Entered an ice cave
 13837 | IceCv    | Noticed an ice dragon
 13837 | IceCv    | Noticed an ice dragon
 13873 | IceCv    | Killed an ice dragon
 13874 | IceCv    | Reached skill level 13 in Maces & Flails
 14254 | IceCv    | Killed an ice dragon
 14912 | Lair:4   | Noticed a queen ant
 14922 | Lair:4   | Received a gift from Trog
 14925 | Lair:4   | Killed a queen ant
 14930 | Lair:4   | Noticed an entropy weaver
 14930 | Lair:4   | Noticed an entropy weaver
 14946 | Lair:4   | Killed an entropy weaver
 15156 | Lair:4   | Killed an entropy weaver
 15194 | Lair:4   | Reached XP level 13. HP: 112/118 MP: 12/12
 15621 | Lair:4   | Reached skill level 14 in Maces & Flails
 16273 | Lair:5   | Got a fading halberd
 16273 | Lair:5   | Identified the +9 halberd of Mydoaf {freeze, rC+ Dex+9}
                  | (You found it on level 5 of the Lair of Beasts)
 16437 | Lair:5   | Received a gift from Trog
 17060 | Lair:6   | Entered Level 6 of the Lair of Beasts
 17291 | Lair:6   | Reached skill level 15 in Maces & Flails
 17781 | Lair:6   | Reached XP level 14. HP: 129/129 MP: 13/13
 17783 | Lair:6   | Reached ****** piety under Trog
 18183 | Lair:6   | Found a staircase to the Slime Pits.
 18547 | D:9      | Reached skill level 16 in Maces & Flails
 18615 | D:9      | Got a bound tin amulet
 19050 | D:9      | Received a gift from Trog
 19142 | D:9      | Found a staircase to the Orcish Mines.
 19456 | D:9      | Found the +3 warlock's mirror {reflect}
 19458 | D:9      | Got an ichor-stained plate armour
 19473 | D:9      | Identified the +1 plate armour of Hiownelu {Harm Rampage}
                  | (You found it on level 9 of the Dungeon)
 19822 | D:9      | Identified the amulet of Omiaf {RegenMP rElec Str-2 Dex+7
                  | SInv} (You found it on level 9 of the Dungeon)
 20276 | Orc:1    | Entered Level 1 of the Orcish Mines
 20805 | Orc:2    | Entered Level 2 of the Orcish Mines
 20831 | Orc:2    | Noticed Snorg
 20851 | Orc:2    | Killed Snorg
 20915 | Orc:2    | Found Fazir's Jewellery Shoppe.
 20962 | Orc:2    | Found a staircase to the Elven Halls.
 21450 | Orc:2    | Received a gift from Trog
 21638 | Orc:2    | Reached skill level 17 in Maces & Flails
 21662 | Orc:2    | Found Icaduqiewk's Jewellery Shop.
 21662 | Orc:2    | Found Baep Fio's Gadget Shoppe.
 21804 | Orc:2    | Found Reisk's Assorted Antiques.
 21806 | Orc:2    | Found Efaamoba's Magic Scroll Boutique.
 21818 | Orc:2    | Bought a scroll of identify for 24 gold pieces
 21818 | Orc:2    | Bought a scroll of identify for 24 gold pieces
 21818 | Orc:2    | Bought a scroll of identify for 24 gold pieces
 22201 | Swamp:1  | Entered Level 1 of the Swamp
 22201 | Swamp:1  | Noticed Aizul
 22463 | Lair:3   | Upgraded the game from 0.26-a0-1040-gbe3abf3417 to
                  | 0.26-a0-1053-gaff5f71418
 22775 | Swamp:1  | HP: 5/133 [Aizul/poison arrow (5)]
 22776 | Swamp:1  | HP: 2/133 [Aizul/bolt of poison (1)]
 22777 | Swamp:1  | Succumbed to Aizul's bolt of poison

Illustrated notes

Levels and vault maps discovered:
D:1:      minmay_arrival_checkered_box, layout_loops_ring,
          minmay_close_crescents
D:2:      layout_basic, yredelemnul_forgotten_temple_becter,
          chequers_ecumenical_altar_twisty
D:3:      layout_basic
D:4:      minmay_bubble_buster, layout_basic, gammafunk_ghost_smash,
          dk_rats_in_the_wall
D:5:      layout_loops_cross
D:6:      gammafunk_steamed_eel, layout_basic, minmay_temple_entry_glass,
          serial_shops, shop, kennysheep_donut, nemelex_altar_shiori
D:7:      layout_basic
D:8:      layout_basic, erik_lair_island
D:9:      minmay_the_grid_3x3 [minmay_the_grid_tri_star,
          minmay_the_grid_minigrid_small_alt, minmay_the_grid_tiny_cups,
          minmay_the_grid_tree, minmay_the_grid_large_cup,
          minmay_the_grid_pillar_ring, minmay_the_grid_broken_lines,
          minmay_the_grid_expand, minmay_the_grid_prize_shrinking_boxes],
          layout_loops_ring, orc_0_dummy, laboratory
Temple:   dpeg_three_leaves_temple
Lair:1:   layout_gridlike
Lair:2:   layout_regular_city, nicolae_spider_entry_tight_spaces
Lair:3:   layout_big_grid, skrybe_swamp_entry_bodies, cheibrodos_lair_lostbears
Lair:4:   layout_regular_city, portal_ice_cave_demonic_guard, zaba_anthell
Lair:5:   layout_regular_city
Lair:6:   evilmike_catoblepas_cave, layout_regular_city, dpeg_slime_entry_corner
Swamp:1:  layout_falls_marsh, infiniplex_staircase_pool_2, uniq_aizul
Spider:1: hangedman_creepy_crawlies, uniq_jorgrun
Orc:1:    layout_caves
Orc:2:    st_orc_rangers, layout_diamond_mine, minmay_shop_enchanted_jewellery,
          uniq_snorg

Skill      XL: |  1  2  3  4  5  6  7  8  9 10 11 12 13 14 |
---------------+-------------------------------------------+-----
Axes           | 4 5 6 7 9 |  9.5
Fighting       | 4 5 6 7 8 9 11 12 13 14 | 14.3
Armour         | 3 4 5 6 8 9 10 11 13 14 | 14.1
Dodging        | 3 4 6 7 8 9 11 12 13 | 13.0
Maces & Flails | 1 6 9 11 13 15 17 | 17.2

Action                   |  1- 3 |  4- 6 |  7- 9 | 10-12 | 13-15 || total
-------------------------+-------+-------+-------+-------+-------++-------
Melee: Hand axe          |    92 |   149 |    69 |       |       ||   310
       Headbutt          |    10 |    37 |    25 |    52 |    94 ||   218
       Battleaxe         |       |       |    29 |    12 |       ||    41
       Great mace        |       |       |    70 |   199 |   351 ||   620
       Executioner's axe |       |       |       |    62 |    50 ||   112
Invok: Berserk           |       |     1 |     2 |     8 |     4 ||    15
       Trog's Hand       |       |       |       |       |     1 ||     1
  Use: Scroll            |       |       |    10 |    17 |     4 ||    31
       Potion            |       |       |       |     1 |     2 ||     3
Armor: Animal skin       |    11 |       |       |       |       ||    11
       Ring mail         |    13 |    20 |       |       |       ||    33
       Plate armour      |       |    70 |    97 |   229 |    23 ||   419
       Crystal plate arm |       |       |       |       |   249 ||   249
Dodge: Dodged            |    60 |    65 |    63 |   209 |   260 ||   657

Table legend: (Time is in decaauts)
 A = Elapsed time spent in this place.
 B = Non-inter-level travel time spent in this place.
 C = Inter-level travel time spent in this place.
 D = Time resting spent in this place.
 E = Time spent auto-exploring this place.
 F = Levels seen in this place.
 G = Mean time per level.
                   A        B        C        D        E       F      G
               +--------+--------+--------+--------+--------+-----+--------+
         Total |  22988 |  21110 |   1878 |   6745 |  10420 |  21 | 1094.7 |
       Dungeon |  11327 |  10083 |   1244 |   2742 |   5458 |   9 | 1258.6 |
        Temple |     80 |     66 |     14 |      0 |     65 |   1 |   80.0 |
          Lair |   7741 |   7195 |    546 |   1996 |   3890 |   6 | 1290.2 |
         Swamp |     69 |     69 |      0 |      4 |      0 |   1 |   69.0 |
   Spider Nest |      1 |      1 |      0 |      0 |      0 |   1 |    1.0 |
  Orcish Mines |   1670 |   1596 |     74 |    385 |    816 |   2 |  835.0 |
      Ice Cave |   2097 |   2097 |      0 |   1617 |    190 |   1 | 2097.0 |
               +--------+--------+--------+--------+--------+-----+--------+

Top non-repeatable levels by time:
   IceCv: 2097 daAuts
     D:9: 1801 daAuts
  Lair:3: 1717 daAuts
     D:4: 1650 daAuts
     D:1: 1564 daAuts
     D:8: 1433 daAuts
  Lair:4: 1422 daAuts
     D:6: 1328 daAuts
  Lair:2: 1223 daAuts
  Lair:6: 1207 daAuts
  Lair:5: 1160 daAuts
     D:2: 1152 daAuts
  Lair:1: 1011 daAuts
   Orc:1: 880 daAuts
     D:7: 844 daAuts
